 Dungeon Crawl Stone Soup version 0.24.0-13-gcf9b319 (webtiles) character file.

Game seed: 8816015328637023726, levelgen mode: deterministic

10911 Wuxian the Fighter (level 11, -8/89 HPs)
             Began as a Demonspawn Gladiator on Mar 9, 2020.
             Was a Follower of Makhleb.
             Mangled by Snorg (15 damage)
             ... on level 10 of the Dungeon.
             The game lasted 00:33:03 (19104 turns).

Wuxian the Fighter (Demonspawn Gladiator)          Turns: 19104, Time: 00:33:04

Health: -8/89      AC: 14    Str: 19    XL:     11   Next: 42%
Magic:  17/17      EV: 10    Int: 15    God:    Makhleb [*.....]
Gold:   468        SH:  0    Dex: 16    Spells: 17/18 levels left

rFire    . . .     SeeInvis .   D - +10 rapier of Uskayaw's Benevolence {pierce, Str+2 Int+6}
rCold    + . .     Gourm    .   (no shield)
rNeg     . . .     Faith    .   g - +3 ring mail {rC+}
rPois    .         Spirit   .   c - +0 helmet
rElec    .         Reflect  .   (no cloak)
rCorr    .         Harm     .   (no gloves)
MR       .....                  u - +0 pair of boots
Stlth    ++........             (no amulet)
HPRegen  0.24/turn              (no ring)
MPRegen  0.15/turn              (no ring)

@: extremely drained
A: iridescent scales 2, nightstalker 1, powered by death 1
a: Renounce Religion


You were on level 10 of the Dungeon.
You worshipped Makhleb.
Makhleb was aware of your devotion.
You were near starving.

You visited 2 branches of the dungeon, and saw 11 of its levels.

You collected 487 gold pieces.
You spent 19 gold pieces at shops.

Inventory:

Hand Weapons
 D - the +10 rapier of Uskayaw's Benevolence (weapon) {pierce, Str+2 Int+6}
   (You took it off an orc wizard on level 7 of the Dungeon)

   It inflicts extra damage upon your enemies.
   It affects your strength (+2).
   It affects your intelligence (+6).
Missiles
 d - 4 throwing nets
 x - a curare-tipped dart (quivered)
Armour
 c - a +0 helmet (worn)
 g - a +3 ring mail of cold resistance (worn)
 l - a +3 leather armour of poison resistance
 t - a scarf of spirit shield
 u - a +0 pair of boots (worn)
 z - the +0 ring mail of Subjectivity {Int+5, unknown}
   (You found it on level 6 of the Dungeon)

   It affects your intelligence (+5).
Jewellery
 m - an uncursed ring of flight {unknown}
 n - an uncursed ring of fire {unknown}
 w - an uncursed amulet of the acrobat {unknown}
 y - a cursed amulet of inaccuracy {unknown}
 J - an uncursed ring of flight {unknown}
Wands
 F - a wand of paralysis (8)
 I - a wand of flame (10)
Scrolls
 a - 3 scrolls of identify
 b - a scroll of fog
 o - 4 scrolls of teleportation
 q - 8 scrolls of amnesia
 r - 3 scrolls of enchant weapon
 s - 2 scrolls of fear
 A - a scroll of magic mapping
 C - 4 scrolls of enchant armour
 E - 2 scrolls of holy word {unknown}
Potions
 e - 2 potions of curing
 h - a potion of lignification
 i - 2 potions of ambrosia
 j - 2 potions of heal wounds
 p - 2 potions of haste
 v - 3 potions of brilliance
 B - a potion of mutation
 G - a potion of invisibility
 H - a potion of might
Miscellaneous
 k - a lightning rod (4/4)
Comestibles
 f - 17 rations


   Skills:
 + Level 9.3(0.0) Fighting
 + Level 5.4(0.0) Short Blades
   Level 9.2(0.0) Axes
 - Level 1.7(0.0) Throwing
 + Level 8.3(0.0) Armour
 - Level 2.6(0.0) Dodging
 - Level 4.0(0.0) Spellcasting
 - Level 4.0(0.0) Hexes


You had 17 spell levels left.
You knew the following spells:

 Your Spells              Type           Power        Failure   Level  Hunger
a - Confusing Touch       Hex            #.....       43%         1    ##.....

Your spell library contained the following spells:

 Spells                   Type           Power        Failure   Level  Hunger
 Animate Skeleton         Necr           N/A          43%         1    ##.....
 Apportation              Tloc           #.....       43%         1    ##.....
 Summon Small Mammal      Summ           #...         43%         1    ##.....
 Confuse                  Hex            #.......     80%         3    ####...
 Gell's Gravitas          Tloc           #.........   80%         3    ####...
 Petrify                  Tmut/Erth      #.......     99%         4    #####..
 Irradiate                Conj/Tmut      #.........   100%        5    ######.
 Metabolic Englaciation   Hex/Ice        #.........   100%        5    ######.
 Yara's Violent Unravell  Hex/Tmut       #.........   100%        5    ######.
 Hydra Form               Tmut           #.........   100%        6    #######
 Statue Form              Tmut/Erth      #........    100%        6    #######
 Dragon Form              Tmut           #.........   100%        7    #######


Dungeon Overview and Level Annotations

Branches:
Dungeon (10/15)            Temple (1/1) D:5            Lair (0/6) D:10
    Orc (0/2) D:10

Altars:
Ashenzari
Cheibriados
Dithmenos
Elyvilon
Fedhas
Gozag
Hepliaklqana
Kikubaaqudgha
Makhleb
Nemelex Xobeh
Okawaru
Qazlal
Ru
Sif Muna
Trog
Uskayaw
Vehumet
Wu Jian
Xom
Yredelemnul
Zin
The Shining One

Shops:
D:4 *   D:7 =   D:10 *

Annotations:
D:4 1 runed translucent door, Crazy Yiuf
D:10 Snorg


Innate Abilities, Weirdness & Mutations

You are mostly covered in iridescent scales. (AC +4)
You are slightly more attuned to the shadows.
You regenerate a little health from kills.


Message History

You puncture Snorg!
Snorg is lightly wounded.
Snorg bites you but does no damage. Snorg claws you!
Snorg claws you but does no damage. Snorg barely misses you. Snorg claws you.
Snorg claws you!
You impale Snorg!!
Snorg is moderately wounded.
Snorg bites you! Snorg claws you but does no damage. Snorg claws you!!
Snorg bites you. Snorg barely misses you. Snorg claws you but does no damage.
You are too injured to fight recklessly!
You are too injured to fight recklessly!
Unknown command.
You barely miss Snorg.
Snorg is moderately wounded.
Snorg bites you!!
* * * LOW HITPOINT WARNING * * *
Snorg claws you.
* * * LOW HITPOINT WARNING * * *
Snorg claws you!
You die...

# # # # ## ##.
#############..
#########..............
....(T@................
.?.######...######.....
##.....#.....[...
###................
######...........#####..
##....).........### ##.
#...............# #.
##.####.........# #. ###
########### ##


You could see Snorg (berserk).

Vanquished Creatures
  Erica (D:9)
  Sonja (D:10)
  2 cyclopes
  2 trolls
  Prince Ribbit (D:6)
  8 yaks
  4 hogs (D:7)
  A human (D:7)
  A steam dragon (D:8)
  A hungry ghost (D:10)
  Duvessa (D:5)
  Edmund (D:5)
  3 sky beasts
  9 orc warriors
  A black bear (D:9)
  4 ogres
  4 ice beasts
  A necrophage (D:7)
  4 phantoms
  5 centaurs
  6 bullfrogs
  Dowan (D:5)
  5 scorpions
  5 wights (D:10)
  8 killer bees
  2 howler monkeys
  3 crimson imps
  A quasit (D:9)
  3 bullfrog zombies
  8 orc priests
  3 bullfrog skeletons
  3 hounds
  2 centaur skeletons
  17 orc wizards
  3 iguanas
  Natasha (thrice) (D:3)
  11 worker ants
  A killer bee zombie (D:3)
  A hound zombie (D:4)
  A hound skeleton (D:4)
  2 worker ant zombies
  8 adders
  5 shadow imps
  An ooze (D:5)
  4 adder zombies
  2 adder skeletons
  6 dart slugs
  6 leopard geckos
  50 orcs
  A ball python (D:7)
  5 giant cockroaches
  7 goblins
  9 hobgoblins
  9 jackals
  3 quokkas
  5 bats
  5 frilled lizards
  A jackal skeleton (D:6)
  5 kobolds
  2 leopard gecko skeletons
  3 leopard gecko zombies
  A quokka skeleton (D:9)
  7 rats
289 creatures vanquished.

Vanquished Creatures (others)
  An orc wizard (D:6)
1 creature vanquished.

Grand Total: 290 creatures vanquished

Notes
Turn   | Place    | Note
-------+----------+-------------------------------------------
     0 | D:1      | Wuxian the Demonspawn Gladiator began the quest for the
                  | Orb.
     0 | D:1      | Reached XP level 1. HP: 16/16 MP: 1/1
    37 | D:1      | Gained mutation: You are slightly more attuned to the
                  | shadows. [demonic ancestry]
    37 | D:1      | Reached XP level 2. HP: 9/22 MP: 2/2
   563 | D:1      | Reached skill level 1 in Armour
   563 | D:1      | Reached XP level 3. HP: 24/28 MP: 3/3
  1446 | D:2      | Reached XP level 4. HP: 32/34 MP: 4/4
  2052 | D:1      | Gained mutation: You are partially covered in iridescent
                  | scales. (AC +2) [demonic ancestry]
  2052 | D:1      | Reached XP level 5. HP: 15/41 MP: 5/5
  2989 | D:3      | Noticed Natasha
  3151 | D:3      | Killed Natasha
  3187 | D:3      | Noticed Natasha
  3196 | D:3      | Killed Natasha
  3299 | D:3      | Noticed Natasha
  3311 | D:3      | Killed Natasha
  3311 | D:3      | Reached XP level 6. HP: 28/47 MP: 6/6
  3959 | D:4      | Reached skill level 5 in Axes
  4032 | D:4      | Found Gizeirch's Assorted Antiques.
  4459 | D:4      | Bought a scroll labeled GUDUMUINLE for 19 gold pieces
  4659 | D:4      | Found a runed translucent door.
  4660 | D:4      | Noticed Crazy Yiuf
  4715 | D:4      | Reached XP level 7. HP: 54/54 MP: 7/7
  5257 | D:5      | Entered Level 5 of the Dungeon
  6107 | D:5      | Noticed Dowan
  6108 | D:5      | Noticed Duvessa
  6511 | D:5      | Killed Duvessa
  6598 | D:5      | Killed Dowan
  6598 | D:5      | Reached skill level 5 in Fighting
  6598 | D:5      | Gained mutation: You regenerate a little health from kills.
                  | [demonic ancestry]
  6598 | D:5      | Reached XP level 8. HP: 62/62 MP: 8/8
  6749 | D:5      | Found a bloodstained altar of Trog.
  6994 | D:5      | Found a staircase to the Ecumenical Temple.
  7009 | Temple   | Entered the Ecumenical Temple
  7539 | D:5      | Found an ornate altar of the Wu Jian Council.
  7585 | D:5      | Learned a level 1 spell: Confusing Touch
  7614 | D:5      | Found a blossoming altar of Fedhas.
  7949 | D:6      | Noticed Edmund
  7978 | D:6      | Reached skill level 1 in Hexes
  8002 | D:6      | Reached skill level 1 in Spellcasting
  8385 | D:6      | Noticed Prince Ribbit
  8947 | D:6      | Found a white marble altar of Elyvilon.
  9222 | D:6      | Gained mutation: You are mostly covered in iridescent
                  | scales. (AC +4) [demonic ancestry]
  9222 | D:6      | Reached XP level 9. HP: 52/69 MP: 11/11
  9576 | D:6      | Got a spiked ring mail
  9872 | D:6      | Killed Prince Ribbit
  9872 | D:6      | Reached skill level 5 in Armour
 10006 | D:5      | Killed Edmund
 11444 | D:5      | Found a blossoming altar of Fedhas.
 11487 | D:5      | Found a bloodstained altar of Trog.
 12329 | D:7      | Noticed a cyclops
 12555 | D:7      | Found Yfad's Jewellery Boutique.
 12587 | D:7      | Found a shimmering blue altar of Sif Muna.
 12734 | D:7      | Killed a cyclops
 13198 | D:7      | Identified the +10 rapier of Uskayaw's Benevolence {pierce,
                  | Str+2 Int+6}
 13272 | D:7      | Reached XP level 10. HP: 65/77 MP: 15/15
 13751 | D:7      | Reached skill level 1 in Short Blades
 14769 | D:8      | Found a stormy altar of Qazlal.
 16280 | D:9      | Found a radiant altar of Vehumet.
 16389 | D:9      | Noticed Erica
 16435 | D:9      | Killed Erica
 16435 | D:9      | Reached XP level 11. HP: 25/87 MP: 17/17
 16835 | D:9      | Found a shadowy altar of Dithmenos.
 16946 | D:10     | Entered Level 10 of the Dungeon
 16969 | D:8      | Found a hide-covered altar of Uskayaw.
 16969 | D:8      | Found a glowing silver altar of Zin.
 16972 | D:8      | Found a burning altar of Makhleb.
 16979 | D:8      | Became a worshipper of Makhleb the Destroyer
 17399 | D:10     | Noticed Sonja
 17427 | D:10     | Found a staircase to the Orcish Mines.
 17573 | D:10     | Found Ssedy's Superlative Supplies.
 17824 | D:10     | Found a staircase to the Lair.
 18424 | D:10     | Reached skill level 5 in Short Blades
 18543 | D:10     | Reached * piety under Makhleb
 18912 | D:10     | Killed Sonja
 19097 | D:10     | Noticed Snorg
 19104 | D:10     | Mangled by Snorg

Levels and vault maps discovered:
D:1:      minmay_arrival_solitary_statue, layout_basic,
          hangedman_decor_clover_reticule
D:2:      layout_loops_ring
D:3:      layout_rooms, uniq_natasha
D:4:      layout_cave_pools, serial_shops, shop, serial_undead, serial_undead_e,
          serial_undead_a, serial_undead_a, serial_undead_b, serial_undead_a,
          serial_undead_c, first_ration, uniq_crazy_yiuf_cottage
D:5:      layout_gridville, kennysheep_mini_moat, overflow_temple_1_default,
          minmay_temple_entry_hall, serial_park_tiny_pond,
          corexii_item_surrounded_by_moat, trog_three_pillars_becter,
          uniq_duvessa
D:6:      layout_loops_corners, elyvilon_altar_5,
          chequers_serial_rivers_small_3, uniq_edmund, uniq_prince_ribbit1
D:7:      cheibrodos_fzero, layout_loops_ring, old_standard_altar, serial_shops,
          nicolae_shop_stone, grunt_livestock
D:8:      layout_basic, nicolae_overflow_hidden_temple, hex_medium,
          nicolae_qazlal_style_of_elements
D:9:      layout_cave_pools, old_standard_altar,
          grunt_dithmenos_smoke_and_mirrors, uniq_erica
D:10:     layout_cave_pods, lair_entry_dummy, david_orc_2,
          nicolae_alphabet_shops, uniq_sonja, uniq_snorg
Temple:   minmay_temple_curvy_branch

Skill      XL: |  1  2  3  4  5  6  7  8  9 10 11 |
---------------+----------------------------------+-----
Axes           | 3 4 5 6 7 9 |  9.2
Armour         | 1 2 3 4 5 7 8 |  8.3
Fighting       | 3 4 5 6 8 9 |  9.3
Hexes          | 1 3 4 |  4.0
Spellcasting   | 1 3 4 |  4.0
Short Blades   | 4 5 |  5.4
Throwing       | |  1.7
Dodging        | |  2.6

Action                   |  1- 3 |  4- 6 |  7- 9 | 10-12 || total
-------------------------+-------+-------+-------+-------++-------
Melee: War axe           |   113 |   186 |   526 |       ||   825
       Rapier            |       |       |    15 |   406 ||   421
Throw: Throwing net      |       |       |       |     3 ||     3
       Dart              |       |       |       |     1 ||     1
Evoke: Wand              |       |       |     4 |       ||     4
  Use: Scroll            |       |    11 |     2 |     6 ||    19
       Potion            |       |       |       |     1 ||     1
 Stab: Sleeping          |     4 |     4 |     5 |     2 ||    15
       Distracted        |       |     2 |       |       ||     2
  Eat: Chunk             |     2 |     7 |    17 |    15 ||    41
       Ration            |       |     1 |     3 |     1 ||     5
Armor: Leather armour    |    10 |       |       |       ||    10
       Ring mail         |    43 |   113 |   225 |   277 ||   658
Dodge: Dodged            |    82 |   171 |   315 |   352 ||   920
